AoeStats
← Federico

Migration

506146680Analyzed
1v1 RM · 18d ago on Sep 12, 2026· 47m 3s· 2 players
Game mode
Random Map
Map size
132×132
Population
200
Speed
Normal
Resources
Standard
Victory
Conquest
Starting age
Dark Age
Ending age
Imperial Age
RankedLock teamsTeams togetherTeam positionsShared explorationLock speedFull tech treeHidden civsTurbo modeCheats
Victory
Defeat
🇧🇪 Japanese · Belgium
862
+16
🇨🇭 Wei · Switzerland
852
-16
Federico
12:47 Feudal Age
11:11 Loom
14:24 Man-at-Arms
15:17 Man-at-Arms
20:23 Castle Age
18:11 Horse Collar
18:19 Double-Bit Axe
19:56 Town Watch
20:34 Bloodlines
20:54 Scale Mail Armor
21:11 Forging
23:02 Medium Warships
23:37 Scale Barding Armor
26:23 Husbandry
33:28 Imperial Age
32:12 Iron Casting
31:08 Light Cavalry
32:50 Chain Barding Armor
32:52 Scale Mail Armor
34:56 Parthian Tactics
35:32 Wheelbarrow
36:53 Blast Furnace
35:48 Fletching
38:53 Thumb Ring
38:48 Bodkin Arrow
42:17 Crossbowman
43:16 Gold Mining
43:08 Heavy Hei Guang Cavalry
Weed420cheese
9:17 Loom
11:42 Feudal Age
12:42 Fishing Lines
15:21 Double-Bit Axe
19:32 Castle Age
17:57 Gold Mining
17:58 Stone Mining
18:13 Scale Mail Armor
18:34 Forging
21:08 Wheelbarrow
20:25 Gillnets
24:26 Squires
24:16 Gambesons
25:14 Hand Cart
25:43 Iron Casting
25:24 Chain Mail Armor
25:00 Fletching
25:11 Padded Archer Armor
31:36 Imperial Age
29:17 Horse Collar
31:37 Pikeman
33:01 Halberdier
37:05 Plate Mail Armor
37:51 Blast Furnace
37:46 Gold Shaft Mining
47:07 Ballistics
47:48 Chemistry
Connection lost

Rejoining the realm…

Still unreachable

The connection could not be restored.

Session expired

The server has moved on; the page needs a fresh start.